 Dungeon Crawl Stone Soup version 0.31.0-11-ge490571c62 (webtiles) character file.

Game seed: 16732815833410575337

56211 solopath the Bludgeoner (level 14, -3/225 (250) HPs)
             Began as an Oni Berserker on Jan 30, 2024.
             Was the Champion of Trog.
             Slain by a hell knight
             ... wielding a +1 battleaxe of draining
              (6 damage)
             ... on level 15 of the Dungeon on Jan 31, 2024.
             The game lasted 00:33:38 (17806 turns).

solopath the Bludgeoner (Oni Berserker)            Turns: 17806, Time: 00:33:39

HP:   -3/225 (250)  AC: 16    Str: 26    XL:     14   Next: 80%
MP:   14/14         EV: 10    Int: 16    God:    Trog [******]
Gold: 989           SH:  0    Dex: 12    Spells: 13/13 levels left

rFire   . . .        n - +2 morningstar (protect)
rCold   . . .        (no shield)
rNeg    . . .        j - +3 troll leather armour {Snorg}
rPois   .            (helmet restricted)
rElec   .            m - +0 cloak
rCorr   .            (gloves unavailable)
SInv    +            (boots unavailable)
Will    +....        L - amulet of regeneration Stlth
                     s - +6 ring of dexterity
HPRegen 2.17/turn    D - ring of see invisible
MPRegen 0.14/turn

%: no passive effects
@: berserking, under a protective aura, heavily drained, very quick
A: large, unfitting armour, horns 1, tough skin 1, double potion healing,
drunken brawling, clever 2
a: Renounce Religion, Berserk, Trog's Hand, Brothers in Arms


You were on level 15 of the Dungeon.
You worshipped Trog.
Trog was exalted by your worship.
You visited 4 branches of the dungeon, and saw 19 of its levels.

You collected 1512 gold pieces.
You spent 523 gold pieces at shops.

Inventory:

Hand Weapons
 i - a +0 giant club
 n - a +2 morningstar of protection (weapon)
 E - the +2 giant club of Trog's Righteous Fury {antimagic, rF+ Stlth+}
   (Trog gifted it to you on level 13 of the Dungeon)

   rF+:       It protects you from fire.
   Stlth+:    It makes you more stealthy.
Missiles
 b - 18 large rocks
 c - 5 javelins
 v - 35 poisoned darts
 w - 9 boomerangs (quivered)
 F - 4 throwing nets
Armour
 j - a +3 troll leather armour (worn) {Snorg}
 m - a +0 cloak (worn)
 H - +1 steam dragon scales
Jewellery
 r - a +6 ring of dexterity
 s - a +6 ring of dexterity (left hand)
 D - a ring of see invisible (right hand)
 L - an amulet of regeneration (around neck)
Wands
 z - a wand of roots (9)
 I - a wand of paralysis (26)
 J - a wand of flame (28)
Scrolls
 e - 3 scrolls of silence
 f - 3 scrolls of revelation
 h - 9 scrolls of teleportation
 k - a scroll of brand weapon
 l - a scroll of fog
 o - a scroll of immolation
 q - a scroll of enchant weapon
 y - 2 scrolls of summoning
 A - a scroll of poison
 B - 2 scrolls of blinking
 C - 3 scrolls of identify
Potions
 a - a potion of magic
 d - 3 potions of haste
 g - 3 potions of lignification
 p - 2 potions of heal wounds
 t - a potion of cancellation
 u - a potion of brilliance
 x - 6 potions of curing
 G - a potion of enlightenment


   Skills:
 - Level 17.9 Fighting
 * Level 20.5 Maces & Flails
 - Level 7.0 Throwing
 + Level 7.2 Armour
 - Level 2.8 Dodging


You had 13 spell levels left.
You didn't know any spells.
Your spell library was empty.

Dungeon Overview and Level Annotations

Branches:
Dungeon (15/15)            Temple (1/1) D:6            Lair (0/5) D:11
    Orc (2/2) D:10            Elf (0/3) Orc:2        Vaults (0/5) D:13
 Depths (1/4) D:15

Altars:
Ashenzari
Cheibriados
Dithmenos
Elyvilon
Fedhas
Gozag
Hepliaklqana
Kikubaaqudgha
Makhleb
Nemelex Xobeh
Okawaru
Qazlal
Ru
Sif Muna
Trog
Uskayaw
Vehumet
Wu Jian
Xom
Yredelemnul
Zin
The Shining One
Jiyva
Lugonu

Shops:
D:8 !   Orc:1 *   Orc:2 *


Innate Abilities, Weirdness & Mutations

You are too large for most types of armour.
You have a pair of small horns on your head.
You have tough skin. (AC +1)
You gain doubled healing and magic from potions.
Whenever you drink a healing potion, you attack all around you.
Your mind is very acute. (Int +8, Str/Dex -2)


Message History

The hell knight completely misses you.
The hell knight hits you from afar with a +4 glaive of pain!!
The necromancer mumbles some strange words.
The necromancer binds the souls of nearby monsters.
The hell knight hits you from afar with a +4 glaive of pain!
* * * LOW HITPOINT WARNING * * *
You writhe in agony.
* * * LOW HITPOINT WARNING * * *
You climb upwards.
Welcome back to the Dungeon!
There is a staircase to the Depths here.
Unknown command.
A red film seems to cover your vision as you go berserk!
You feel yourself moving faster!
You feel mighty!
The hell knight hits you with a +1 battleaxe of draining!
* * * LOW HITPOINT WARNING * * *
You feel drained.
* * * LOW HITPOINT WARNING * * *
The hell knight hits you with a +1 battleaxe of draining!!
* * * LOW HITPOINT WARNING * * *
You feel drained.
* * * LOW HITPOINT WARNING * * *
You closely miss the hell knight. Your headbutt misses the hell knight.
The hell knight hits you with a +1 battleaxe of draining!
* * * LOW HITPOINT WARNING * * *
You feel drained.
* * * LOW HITPOINT WARNING * * *
Unknown command.
You sock the hell knight!
Your weapon exudes an aura of protection.
The hell knight is lightly wounded.
You puncture the hell knight!
The hell knight is moderately wounded.
The hell knight hits you with a +1 battleaxe of draining!
* * * LOW HITPOINT WARNING * * *
You feel drained.
* * * LOW HITPOINT WARNING * * *
You impale the hell knight!!
The hell knight is severely wounded.
The hell knight hits you with a +1 battleaxe of draining.
You die...

##............# #.# ##..##♣.♣.
####.~)...(...# #.# #..##.♣.. #
#...†...#### #.#######......♣. #
#...~...# #..........#.#### #
#.......# ############.#### #
#.......# ##.###..#.##.....
####.....~.# #...##.....##....
...........# ##p...#.##.###.#..
#####......# #@......##..##.#..
#......# ##....###...##.#..
#####...)..# #...###..####.##.
...........# ##.####.##.....#.
......################...##.#..#.
.÷....'.............#.....#....#.
......############.##.....####.#.
......# #.###...## #.#. ......#
#.# ##.## #.#.


You could see a hell knight (fast, soul bound).

Vanquished Creatures
  Azrael (D:12)
  Snorg (D:11)
  Josephine (D:14)
  A fire dragon (D:15)
  A rakshasa (D:15)
  Harold (D:9)
  4 vault guards (D:13)
  An entropy weaver (shapeshifter) (D:15)
  2 hydras
  2 centaur warriors (D:13)
  An ogre mage (D:13)
  5 two-headed ogres
  5 boulder beetles
  2 tengu warriors (D:14)
  A death yak (D:9)
  An occultist (D:15)
  An arcanist (D:13)
  A deep elf archer (D:13)
  A glowing orange brain (D:15)
  8 orc knights
  3 orc sorcerers
  3 deep elf pyromancers
  9 ugly things
  6 cyclopes
  3 manticores
  5 kobold blastminers (Orc:1)
  Joseph (D:7)
  A gargoyle (D:13)
  A komodo dragon (D:11)
  2 kobold demonologists
  3 unseen horrors
  2 yaktaurs (D:13)
  Jeremiah (D:8)
  3 tengu conjurers (D:14)
  5 trolls
  A polar bear (shapeshifter) (D:14)
  A troll (shapeshifter) (D:13)
  4 saltlings
  2 hornets
  Grinder (D:3)
  12 slime creatures
  A shadow (D:10)
  A water elemental (D:12)
  Sigmund (D:5)
  A centaur simulacrum (D:15)
  3 vampires
  Grum (D:8)
  6 wraiths
  A fire elemental (D:12)
  22 yaks
  2 wyverns
  A human (D:13)
  3 wargs
  A steam dragon (D:9)
  Menkaure (D:4)
  2 acid dragons
  5 water moccasins
  A black bear (shapeshifter) (D:14)
  3 hell hounds (D:12)
  17 orc warriors
  A sky beast (D:7)
  6 ogres
  3 black bears (D:11)
  3 boggarts (D:15)
  11 centaurs
  5 bullfrogs
  3 kobold brigands
  2 gnoll sergeants (D:8)
  2 scorpions
  A wight (D:7)
  An electric eel (D:11)
  2 howler monkeys
  2 bombardier beetles
  4 crimson imps (D:11)
  3 jellies (D:12)
  A gnoll bouda (D:8)
  7 hounds
  8 orc priests
  5 iguanas
  18 orc wizards
  15 gnolls
  5 adders
  2 ufetubi (D:6)
  A ribbon worm (D:2)
  A dart slug (D:1)
  56 orcs
  9 endoplasms
  5 giant cockroaches
  5 goblins
  7 hobgoblins
  7 jackals
  23 kobolds
  5 quokkas
  8 ball pythons
  3 bats (D:1)
  3 frilled lizards
  4 rats
430 creatures vanquished.

Notes
Turn   | Place    | Note
-------+----------+-------------------------------------------
     0 | D:1      | solopath the Oni Berserker began the quest for the Orb.
     0 | D:1      | Reached XP level 1. HP: 24/24 MP: 1/1
   203 | D:1      | Reached XP level 2. HP: 32/32 MP: 2/2
   334 | D:1      | Reached XP level 3. HP: 38/40 MP: 3/3
   906 | D:2      | Reached ** piety under Trog
  1059 | D:2      | Reached skill level 4 in Maces & Flails
  1114 | D:2      | Reached XP level 4. HP: 48/49 MP: 4/4
  1382 | D:2      | Reached skill level 5 in Fighting
  1457 | D:3      | Noticed Grinder
  1612 | D:3      | Killed Grinder
  1613 | D:3      | Reached skill level 5 in Maces & Flails
  1613 | D:3      | Reached XP level 5. HP: 59/59 MP: 5/5
  1613 | D:3      | Reached XP level 6. HP: 67/67 MP: 6/6
  2046 | D:4      | You fall into a shaft and drop 2 floors!
  2047 | D:6      | Found an ancient bone altar of Kikubaaqudgha.
  2063 | D:6      | Reached skill level 6 in Maces & Flails
  2101 | D:5      | Entered Level 5 of the Dungeon
  2287 | D:4      | Noticed Menkaure
  2294 | D:4      | Killed Menkaure
  2295 | D:4      | Reached XP level 7. HP: 76/76 MP: 7/7
  2938 | D:4      | Found a shimmering blue altar of Sif Muna.
  3344 | D:5      | Reached skill level 7 in Maces & Flails
  3646 | D:5      | Noticed Sigmund
  3669 | D:5      | Killed Sigmund
  3670 | D:5      | Reached skill level 8 in Maces & Flails
  3670 | D:5      | Reached skill level 1 in Throwing
  3670 | D:5      | Reached XP level 8. HP: 42/87 MP: 8/8
  3672 | D:5      | Reached *** piety under Trog
  4551 | D:6      | Reached skill level 9 in Maces & Flails
  4558 | D:6      | Found a blossoming altar of Fedhas.
  4923 | D:6      | Found a shimmering altar of Xom.
  4924 | D:6      | Found an opulent altar of Gozag.
  4924 | D:6      | Found a glowing golden altar of the Shining One.
  4925 | D:6      | Found a sparkling altar of Nemelex Xobeh.
  4929 | D:6      | Found a shadowy altar of Dithmenos.
  5014 | D:6      | Found a staircase to the Ecumenical Temple.
  5042 | Temple   | Entered the Ecumenical Temple
  5093 | D:7      | Reached XP level 9. HP: 59/96 MP: 9/9
  5738 | D:7      | Noticed Joseph
  5748 | D:7      | Killed Joseph
  5749 | D:7      | Reached skill level 10 in Maces & Flails
  5891 | D:7      | Found an ornate altar of the Wu Jian Council.
  6103 | D:7      | Reached skill level 5 in Throwing
  6421 | D:8      | Found Loud's Distillery.
  6429 | D:8      | Bought a potion of heal wounds for 75 gold pieces
  6429 | D:8      | Bought a potion of curing for 45 gold pieces
  6444 | D:8      | Reached skill level 10 in Fighting
  6581 | D:8      | Found an iron altar of Okawaru.
  6590 | D:8      | Noticed a hornet
  6601 | D:8      | Killed a hornet
  6836 | D:8      | Reached skill level 11 in Maces & Flails
  6845 | D:8      | Noticed Grum
  6874 | D:8      | Killed Grum
  7013 | D:8      | Reached XP level 10. HP: 90/114 MP: 10/10
  7093 | D:8      | Noticed Jeremiah
  7115 | D:8      | Killed Jeremiah
  7116 | D:8      | Found a burning altar of Makhleb.
  7336 | D:8      | Reached **** piety under Trog
  7489 | D:9      | Paralysed by a hornet for 3 turns
  7645 | D:9      | Reached skill level 12 in Maces & Flails
  8020 | D:9      | Noticed Harold
  8027 | D:9      | Killed Harold
  8169 | D:9      | Found a hazy altar of Hepliaklqana.
  8386 | D:9      | Noticed a death yak
  8406 | D:9      | Gained mutation: You are dopey. (Int -2) [potion of
                  | mutation]
  8406 | D:9      | Lost mutation: You are dopey. (Int -2) [potion of mutation]
  8411 | D:9      | Killed a death yak
  8412 | D:9      | Reached skill level 13 in Maces & Flails
  8413 | D:9      | Reached XP level 11. HP: 111/131 MP: 11/11
  8436 | D:9      | Reached skill level 15 in Fighting
  8849 | D:10     | Entered Level 10 of the Dungeon
  8849 | D:10     | Noticed a two-headed ogre
  8856 | D:10     | Killed a two-headed ogre
  8948 | D:10     | Found a basalt altar of Yredelemnul.
  8962 | D:10     | Found a staircase to the Orcish Mines.
  9063 | D:10     | Reached skill level 14 in Maces & Flails
  9063 | D:10     | Reached ***** piety under Trog
  9777 | D:11     | Gained mutation: Your mind is acute. (Int +4, Str/Dex -1)
                  | [potion of mutation]
  9777 | D:11     | Gained mutation: Your mind is very acute. (Int +8, Str/Dex
                  | -2) [potion of mutation]
  9862 | D:11     | Noticed a manticore
  9870 | D:11     | Killed a manticore
 10005 | D:11     | Noticed a cyclops
 10012 | D:11     | Killed a cyclops
 10044 | D:11     | Found a shimmering altar of Xom.
 10214 | D:11     | Noticed a two-headed ogre
 10218 | D:11     | Killed a two-headed ogre
 10350 | D:11     | Noticed a green ugly thing
 10350 | D:11     | Noticed a two-headed ogre
 10371 | D:11     | Killed a green ugly thing
 10379 | D:11     | Killed a two-headed ogre
 10380 | D:11     | Reached skill level 15 in Maces & Flails
 10386 | D:11     | Noticed Snorg
 10394 | D:11     | Killed Snorg
 10395 | D:11     | Reached XP level 12. HP: 97/148 MP: 12/12
 10679 | D:11     | Found a staircase to the Lair.
 10684 | D:11     | Noticed a boulder beetle
 10705 | D:11     | Killed a boulder beetle
 10767 | D:11     | Noticed a sun demon
 10947 | D:11     | Received a gift from Trog
 11094 | D:12     | Noticed a boulder beetle
 11114 | D:11     | Killed a boulder beetle
 11202 | D:12     | Found a viscous altar of Jiyva.
 11473 | D:12     | Noticed Azrael
 11646 | D:12     | Noticed a boulder beetle
 11656 | D:12     | Killed a boulder beetle
 11730 | D:12     | Reached skill level 16 in Maces & Flails
 12259 | D:13     | Noticed a vault guard
 12309 | D:13     | Killed a vault guard
 12370 | D:13     | Noticed a centaur warrior
 12375 | D:13     | Killed a centaur warrior
 12387 | D:13     | Reached skill level 17 in Maces & Flails
 12411 | D:13     | Noticed a centaur warrior
 12418 | D:13     | Killed a centaur warrior
 12419 | D:13     | Reached XP level 13. HP: 112/158 MP: 13/13
 12793 | D:13     | Noticed a vault guard
 12831 | D:13     | Killed a vault guard
 13028 | D:12     | Killed Azrael
 13029 | D:12     | Reached skill level 18 in Maces & Flails
 13029 | D:12     | Reached skill level 1 in Armour
 13576 | D:13     | Paralysed by an ogre mage for 2 turns
 13665 | D:13     | Found a gate to the Vaults.
 13665 | D:13     | Noticed a vault guard
 13665 | D:13     | Noticed a vault guard
 13679 | D:13     | Killed a vault guard
 13683 | D:13     | Killed a vault guard
 13683 | D:13     | Identified the +2 giant club of Trog's Righteous Fury
                  | {antimagic, rF+ Stlth+} (Trog gifted it to you on level 13
                  | of the Dungeon)
 13683 | D:13     | Received a gift from Trog
 13844 | Orc:1    | Entered Level 1 of the Orcish Mines
 13911 | D:10     | HP: 4/158 [warg (11)]
 14405 | Orc:2    | Entered Level 2 of the Orcish Mines
 14405 | Orc:2    | Found a staircase to the Elven Halls.
 14705 | Orc:1    | Found Togad's General Store.
 15153 | Orc:2    | Reached skill level 19 in Maces & Flails
 15320 | Orc:2    | Found Atzuni's General Store.
 15325 | Orc:2    | Bought a potion of degeneration for 13 gold pieces
 15325 | Orc:2    | Bought an amulet of regeneration for 390 gold pieces
 15391 | Orc:1    | Reached XP level 14. HP: 58/167 MP: 14/14
 15720 | D:14     | Noticed Josephine
 15733 | D:14     | Reached skill level 5 in Armour
 15738 | D:14     | Killed Josephine
 16016 | D:14     | Identified the +3 spear "Woegoem" {elec, Dex+3}
 16080 | D:14     | Reached ****** piety under Trog
 16312 | D:15     | Entered Level 15 of the Dungeon
 16878 | D:15     | Reached skill level 20 in Maces & Flails
 17239 | D:15     | Received a gift from Trog
 17765 | D:15     | Found a staircase to the Depths.
 17773 | Depths:1 | Entered Level 1 of the Depths
 17805 | D:15     | HP: 4/231 [hell knight/+1 battleaxe of draining (13)]
 17806 | D:15     | Slain by a hell knight

Illustrated notes

Levels and vault maps discovered:
D:1:      spicycebolla_arrival_ecumenical, layout_basic,
          hangedman_decor_diamond_cutter, chequers_serial_rivers_large_a
D:2:      layout_basic, minmay_pentomino_r4
D:3:      layout_rooms, uniq_grinder
D:4:      layout_basic, lemuel_coloured_pillars_altar, uniq_menkaure
D:5:      layout_cave_pools, serial_bayou_pond_a, grunt_ministairs_3,
          kb_lookout_dungeons_type, st_stairs_9, kennysheep_small_square,
          uniq_sigmund
D:6:      layout_basic, lemuel_doored_altar, overflow_temple_1_default,
          minitemple, minmay_temple_entry_nine_rooms, minmay_manual_mares
D:7:      layout_basic, kennysheep_little_box, minmay_between, uniq_joseph
D:8:      layout_cave_pools, mainiacjoe_overflow_concentric_impassable,
          mainiacjoe_overflow_small_starburst, serial_gnoll_camp,
          gnoll_camp_mini_hut, grums_kennel, gnoll_camp_medium_02,
          gnoll_camp_mini_hut, gnoll_camp_mini_shop, uniq_jeremiah
D:9:      argonaut_augean_stables, layout_basic, mainiacjoe_overflow_alcove_1,
          uniq_harold
D:10:     layout_rooms, lemuel_crystal_altar, orc_0_dummy, bh_walls_and_bars
D:11:     layout_basic, due_lair_maze_entry_diamond, led_xom_imps, uniq_snorg
D:12:     layout_basic, jiyva_altar_1, uniq_azrael
D:13:     layout_irregular_city, grunt_vaults_entry_fortified
D:14:     layout_roguey, serial_park_square1 [serial_park_minivault_5x5_6],
          uniq_josephine
D:15:     gammafunk_enter_depths_forms, layout_basic, kennysheep_crisscross
Temple:   kb_corrupted_temple
Orc:1:    nicolae_orc_accident_1, layout_caves, serial_shops, shop
Orc:2:    hellmonk_orc_salted, layout_caves, statue_in_the_mist_lemuel,
          minmay_orc_temple_a
Depths:1: layout_gridville, minmay_crystal_water, hangedman_geh_valley,
          st_stairs_14, hangedman_abyss_or_decor_lesser_grid, drop_trap,
          minmay_misc_feat_roman, nzn_wu_jian_council_hall, uniq_bai_suzhen,
          uniq_saint_roka

Skill      XL: |  1  2  3  4  5  6  7  8  9 10 11 12 13 14 |
---------------+-------------------------------------------+-----
Maces & Flails | 4 5 6 8 9 11 13 15 17 19 20 | 20.5
Fighting       | 6 7 8 11 14 17 | 17.9
Throwing       | 1 4 5 7 |  7.0
Armour         | 4 7 |  7.2
Dodging        | |  2.8

Action                     |  1- 3 |  4- 6 |  7- 9 | 10-12 | 13-15 || total
---------------------------+-------+-------+-------+-------+-------++-------
  Melee: Mace              |    98 |    72 |       |       |       ||   170
         Headbutt          |     7 |    16 |    42 |   102 |   178 ||   345
         Punch             |     1 |       |       |     8 |     5 ||    14
         Morningstar       |       |     3 |   286 |   462 |   600 ||  1351
         Giant club        |       |       |       |       |    37 ||    37
  Throw: Dart              |       |       |    13 |    28 |    24 ||    65
         Boomerang         |       |       |       |    15 |    32 ||    47
         Large rock        |       |       |       |     1 |     2 ||     3
         Javelin           |       |       |       |       |    12 ||    12
         Throwing net      |       |       |       |       |     4 ||     4
 Invoke: Berserk           |       |     3 |     3 |     4 |     6 ||    16
    Use: Potion            |       |       |     1 |     4 |     4 ||     9
         Scroll            |       |       |       |    18 |     3 ||    21
   Stab: Sleeping          |     1 |       |     1 |       |       ||     2
 Armour: Animal skin       |    62 |    52 |   274 |    55 |       ||   443
         Steam dragon scal |       |       |       |   185 |       ||   185
         Troll leather arm |       |       |       |   220 |   666 ||   886
  Dodge: Dodged            |    75 |    51 |   183 |   215 |   261 ||   785
